Map: [ESL] Alcyone

Players

Harstem - Winner!

  • Race: Protoss Protoss
  • League: Master
  • Spawn Location: 1:00

SKillous

  • Race: Protoss Protoss
  • League: Grandmaster
  • Spawn Location: 7:00

Event: Bellum Gens Elite Stara Zagora 2024

VOD

Have the link to the VOD?

Description

Time

  • Played on: Sept. 7, 2024, 7:35 a.m.
  • Length: 6:53

All games in this series

Show
View Real Time Build Order
Export as new Build Order

Harstem Protoss - Winner!

Build Orders: Phoenix Opening 

Get SALT Encoding   

  12  0:00  Probe  
  13  0:12  Probe  
  14  0:20  Pylon  
  14  0:24  Probe  
  15  0:39  Gateway, Probe (Chrono Boost)  
  16  0:47  Probe (Chrono Boost)  
  16  0:48  Assimilator  
  17  0:53  Probe (Chrono Boost)  
  17  0:55  Assimilator  
  18  1:05  Probe (Chrono Boost)  
  18  1:09  Gateway  
  19  1:14  Probe (Chrono Boost)  
  20  1:19  Probe  
  21  1:26  Cybernetics Core  
  21  1:31  Probe  
  22  1:41  Pylon  
  22  1:43  Probe  
  23  1:59  Probe  
  23  2:00  Warp Gate (Chrono Boost)  
  24  2:03  Stalker  
  24  2:07  Sentry  
  28  2:11  Pylon  
  28  2:12  Probe  
  29  2:30  Sentry  
  31  2:39  Stalker, Phoenix  
  33  2:46  Nexus  
  33  2:53  Stalker  
  35  3:01  Shield Battery  
  35  3:09  Sentry, Pylon  
  35  3:10  Probe  
  38  3:22  Probe  
  39  3:34  Probe  
  40  3:42  Stalker x2  
  40  3:46  Probe  
  40  3:48  Twilight Council  
  43  3:58  Probe  
  43  3:59  Probe  
  41  4:10  Probe  
  41  4:11  Stalker  
  41  4:12  Stalker  
  41  4:15  Probe  
  47  4:23  Blink (Chrono Boost), Probe  
  48  4:27  Probe  
  49  4:35  Probe  
  50  4:39  Probe  
  50  4:42  Stalker x2  
  55  4:47  Probe  
  55  4:52  Probe  
  55  4:59  Probe  
  56  5:04  Probe  
  56  5:06  Stalker x2  
  57  5:11  Probe  
  58  5:16  Probe  
  59  5:23  Probe  
  59  5:27  Robotics Facility  
  60  5:28  Probe  
  60  5:29  Gateway  
  60  5:33  Gateway  
  62  5:36  Pylon  
  62  5:41  Assimilator, Stalker  
  61  5:45  Probe  
  61  5:47  Pylon  
  62  5:54  Probe, Pylon  
  63  5:59  Probe  
  63  6:02  Stalker  
  66  6:06  Probe  
  66  6:10  Stalker  
  67  6:14  Probe  
  68  6:24  Nexus  
  68  6:26  Probe  
  68  6:27  Stalker x3  
  68  6:28  Observer (Chrono Boost)  
  68  6:31  Pylon  
  72  6:35  Probe  
  72  6:38  Probe  
  72  6:39  Stalker  
Show
View Real Time Build Order
Export as new Build Order

SKillous Protoss 

Build Orders: Oracle Opening, Blink Stalkers 

Get SALT Encoding   

  12  0:00  Probe  
  13  0:12  Probe  
  14  0:17  Pylon  
  14  0:24  Probe (Chrono Boost)  
  15  0:36  Gateway, Probe (Chrono Boost)  
  16  0:44  Probe (Chrono Boost)  
  16  0:45  Assimilator  
  17  0:50  Probe  
  17  0:54  Assimilator  
  18  1:03  Probe (Chrono Boost)  
  19  1:07  Gateway  
  20  1:12  Probe (Chrono Boost)  
  20  1:17  Probe (Chrono Boost)  
  20  1:23  Cybernetics Core  
  21  1:29  Probe  
  22  1:39  Pylon  
  22  1:41  Probe  
  23  1:57  Probe  
  24  2:01  Stargate  
  24  2:03  Warp Gate  
  24  2:09  Probe  
  24  2:12  Stalker  
  27  2:16  Pylon  
  29  2:27  Shield Battery  
  29  2:29  Probe  
  30  2:42  Nexus  
  27  2:48  Oracle (Chrono Boost)  
  30  2:54  Probe  
  31  3:03  Twilight Council  
  31  3:06  Probe  
  32  3:18  Probe  
  33  3:21  Gateway  
  34  3:42  Shield Battery  
  34  3:44  Shield Battery  
  33  3:51  Stalker  
  33  3:52  Stalker  
  33  3:53  Probe  
  38  3:57  Blink (Chrono Boost)  
  38  3:58  Probe  
  40  4:15  Stalker  
  40  4:16  Stalker  
  39  4:24  Shield Battery  
  37  4:26  Stalker  
  37  4:29  Probe  
  40  4:34  Probe  
  40  4:37  Stalker  
  43  4:44  Stalker  
  41  4:53  Probe x2  
  42  5:02  Stalker  
  42  5:04  Stalker  
  42  5:05  Probe  
  43  5:07  Probe  
  41  5:16  Stalker  
  41  5:20  Probe  
  38  5:25  Stalker  
  38  5:27  Stalker  
  40  5:33  Stalker  
  40  5:34  Probe  
  42  5:37  Pylon  
  42  5:41  Pylon  
  33  5:50  Stalker  
  35  6:00  Stalker  
  35  6:07  Stalker  
  36  6:15  Stalker  
  34  6:29  Stalker  
  36  6:33  Stalker  
  38  6:40  Stalker  
Tags
 
Add a new tag
Caveats
  • Supply blocks, unpowered buildings, or Contaminate may cause inaccurate times.
  • Supply counts are checked every 10 seconds.